AoeStats
← F35iscoming

Arena

510141436Analyzed
1v1 RM · 2d ago on Sep 29, 2026· 33m 56s· 2 players
Game mode
Random Map
Map size
Tiny (2 player)
Population
200
Speed
Normal
Resources
Standard
Victory
Conquest
Starting age
Dark Age
Ending age
Imperial Age
RankedLock teamsTeams togetherTeam positionsShared explorationLock speedFull tech treeHidden civsTurbo modeCheats
Victory
Defeat
🇨🇳 Mongols · China
944
+16
🇪🇪 Chinese · Estonia
944
-16
Foxinen
0:26 Loom
9:59 Feudal Age
14:31 Castle Age
15:37 Double-Bit Axe
19:41 Fletching
19:52 Padded Archer Armor
21:16 Bow Saw
23:46 Wheelbarrow
22:57 Town Watch
24:37 Bodkin Arrow
25:29 Gold Mining
26:37 Hand Cart
26:20 Stone Mining
27:20 Town Patrol
29:15 Gold Shaft Mining
33:18 Imperial Age
32:44 Thumb Ring
33:04 Leather Archer Armor
F35iscoming
9:42 Feudal Age
11:33 Double-Bit Axe
13:51 Castle Age
12:13 Horse Collar
14:49 Bow Saw
14:40 Heavy Plow
16:44 Wheelbarrow
18:00 Loom
26:37 Bloodlines
26:22 Fletching
30:46 Imperial Age
28:34 Herbal Medicine
28:48 Husbandry
28:48 Gold Mining
28:48 Stone Mining
29:07 Nomads
29:41 Bodkin Arrow
29:52 Scale Barding Armor
30:29 Gold Shaft Mining
30:17 Ballistics
30:21 Forging
30:54 Fortified Wall
30:51 Padded Archer Armor
31:34 Chain Barding Armor
31:49 Conscription
31:48 Bracer
32:42 Iron Casting
32:23 Leather Archer Armor
32:47 Scale Mail Armor
33:11 Drill
33:48 Stone Shaft Mining
32:57 Elite Steppe Lancer
32:57 Light Cavalry
34:36 Siege Engineers
Connection lost

Rejoining the realm…

Still unreachable

The connection could not be restored.

Session expired

The server has moved on; the page needs a fresh start.